 Dungeon Crawl Stone Soup version 0.18-a0-1747-g18c4181 (webtiles) character file.

210 Slobodan the Chiller (level 5, -3/57 HPs)
             Began as a Merfolk Ice Elementalist on Apr 12, 2016.
             Slain by a slave (6 damage)
             ... led by Pikel
             ... on level 4 of the Dungeon.
             The game lasted 00:42:10 (3004 turns).

Slobodan the Chiller (Merfolk Ice Elementalist)     Turns: 3004, Time: 00:42:13

Health: -3/57      AC: 22    Str: 10    XL:     5   Next: 87%
Magic:  5/8        EV:  2    Int: 14    God:
Gold:   212        SH:  0    Dex: 14    Spells: 3 memorised, 0 levels left

rFire  . . .     SeeInvis .     n - +2 dagger (venom)
rCold  . . .     Gourm    .     (armour currently unavailable)
rNeg   + + +     Faith    .     (no shield)
rPois  +         Spirit   .     (helmet currently unavailable)
rElec  .         Dismiss  .     (cloak currently unavailable)
rCorr  .         Reflect  .     (gloves currently unavailable)
SustAt .         Harm     .     (boots currently unavailable)
MR     .....     NoTele   +     (no amulet)
Stlth  +++.......               (no ring)
                                (no ring)

@: tree-form, not resistant to hostile enchantments, fairly stealthy
A: (change form in water), (swift swim)
a: no special abilities


You were on level 4 of the Dungeon.
You were not hungry.
You were a tree.
You visited 1 branch of the dungeon, and saw 4 of its levels.

You collected 212 gold pieces.

Inventory:

Hand Weapons
 n - a +2 dagger of venom (weapon)
Missiles
 e - 72 stones (quivered)
Armour
 j - a +1 pair of gloves (melded)
 s - a +1 helmet of see invisible (melded)
 v - a +2 animal skin (melded)
Jewellery
 g - an uncursed amulet of guardian spirit
Wands
 a - a wand of random effects (7/48)
 w - a wand of slowing (8/48)
Scrolls
 d - 4 scrolls of remove curse
 k - a scroll of magic mapping {unknown}
 l - 3 scrolls of teleportation
 m - a scroll of noise {unknown}
 o - a scroll of blinking {unknown}
 r - a scroll of enchant weapon {unknown}
 t - a scroll of fog {unknown}
Potions
 f - a potion of berserk rage
 q - a potion of cancellation
 u - 2 potions of curing
Books
 b - a book of Frost

   Spells                             Type                      Level
   a - Freeze                         Ice                          1
   b - Throw Frost                    Conjuration/Ice              2
   c - Ozocubu's Armour               Charms/Ice                   3
   d - Throw Icicle                   Conjuration/Ice              4
   e - Summon Ice Beast               Ice/Summoning                4
Comestibles
 c - a bread ration
 h - 3 fruits
 i - a chunk of flesh


   Skills:
 + Level 2.0 Fighting
 + Level 3.2 Dodging
 - Level 2.1 Stealth
 - Level 2.0 Spellcasting
   Level 0.7 Conjurations
 - Level 1.0 Charms
 + Level 0.2 Summonings
 + Level 6.1 Ice Magic


You couldn't memorise any spells.
You knew the following spells:

 Your Spells              Type           Power        Failure   Level  Hunger
a - Freeze                Ice            ###.         1%          1    ##.....
b - Ozocubu's Armour      Chrm/Ice       ##......     17%         3    ####...
c - Summon Ice Beast      Ice/Summ       ##......     71%         4    #####..


Dungeon Overview and Level Annotations

Branches:
Dungeon (4/15)
 Temple: D:4-7

Altars:
Yredelemnul

Annotations:
D:4 Pikel


Message History

Confirm with . or Enter, or press ? or * to list all spells.
Aiming: Freeze
Press: ? - help, Shift-Dir - straight line, f/p - Pikel
Aim: Pikel, wielding a whip of freezing and wearing a robe (moderately wounded, slow, poisoned)
You freeze Pikel.
Pikel is heavily wounded.
The hound bites you. The slave barely misses you.
Pikel hits you with a whip of freezing!
* * * LOW HITPOINT WARNING * * *
Pikel freezes you.
* * * LOW HITPOINT WARNING * * *
The slave closely misses you. The slave barely misses you.
Drink which item? (? for menu, Esc to quit)
It was a potion of lignification.
You turn into a tree.
Your +1 helmet of see invisible melds into your body.
Your +1 pair of gloves melds into your body.
Your +2 animal skin melds into your body.
You feel less perceptive.
Your roots penetrate the ground.
The hound bites you but does no damage. The slave hits you.
You die...

$# #.# ..## # #.. ###
#.######## #.# ..#
.........######.######..
.......#................
......p.p...........# #.
.....hp♣#######.###.###.
<.....Kh# ####.........
.....?.p####....######..
..........p..##..##....#
.......#######.........#
....... #.........#
....... #.........#
....... ########### .p


You could see Pikel, 4 slaves and 2 hounds.

Vanquished Creatures
  A giant frog skeleton (D:4)
  Jessica (D:2)
  An iguana (D:4)
  A hound skeleton (D:4)
  A worker ant zombie (D:4)
  Robin (D:3)
  2 adders
  2 worms
  2 dart slugs
  3 giant geckos
  3 giant cockroaches
  18 goblins
  5 hobgoblins (D:3)
  4 kobolds
  A quokka (D:2)
  A ball python (D:1)
  8 bats
  A giant gecko skeleton (D:4)
  3 giant newts
  A jackal skeleton (D:4)
  13 rats
73 creatures vanquished.

Notes
Turn   | Place    | Note
--------------------------------------------------------------
     0 | D:1      | Slobodan the Merfolk Ice Elementalist began the quest for the Orb.
     0 | D:1      | Reached XP level 1. HP: 13/13 MP: 3/3
   471 | D:1      | Reached XP level 2. HP: 19/19 MP: 3/5
   516 | D:1      | Reached skill level 4 in Ice Magic
  1114 | D:2      | Reached XP level 3. HP: 24/24 MP: 6/6
  1242 | D:2      | Noticed Jessica
  1248 | D:2      | Killed Jessica
  1248 | D:2      | Reached skill level 5 in Ice Magic
  1525 | D:2      | Reached XP level 4. HP: 30/30 MP: 5/7
  2136 | D:3      | Learned a level 3 spell: Ozocubu's Armour
  2263 | D:3      | Found a basalt altar of Yredelemnul.
  2433 | D:3      | Noticed Robin
  2470 | D:3      | Killed Robin
  2470 | D:3      | Reached skill level 1 in Fighting
  2470 | D:3      | Reached XP level 5. HP: 23/37 MP: 1/8
  2896 | D:4      | Reached skill level 1 in Charms
  2915 | D:4      | Reached skill level 6 in Ice Magic
  2921 | D:4      | Learned a level 4 spell: Summon Ice Beast
  2971 | D:4      | Noticed a slave
  2972 | D:4      | Noticed a slave
  2972 | D:4      | Noticed a slave
  2989 | D:4      | Noticed Pikel
  2993 | D:4      | Noticed a slave
  3004 | D:4      | Slain by a slave

Vault maps used:
D:1:      sevenhm_arrival_forest_fort_small_6, minmay_hedge_maze
D:2:      uniq_jessica
D:3:      wad_lake_hut, yredelemnul_altar_generic, uniq_robin
D:4:      uniq_pikel

Skill      XL: |  1  2  3  4  5 |
---------------+----------------+-----
Ice Magic      | 4 5 6 |  6.1
Fighting       | 1 2 |  2.0
Charms         | 1 |  1.0
Dodging        | 3 |  3.2
Stealth        | |  2.1
Spellcasting   | |  2.0
Conjurations   | |  0.7
Summonings     | |  0.2

Action                   |  1- 3 |  4- 6 || total
-------------------------+-------+-------++-------
Melee: Unarmed           |     2 |       ||     2
       Dagger            |    38 |   121 ||   159
Throw: Stone             |    27 |     6 ||    33
 Cast: Freeze            |    20 |    17 ||    37
       Ozocubu's Armour  |       |     1 ||     1
Evoke: Club              |       |     6 ||     6
  Use: Scroll            |       |     5 ||     5
       Potion            |       |     1 ||     1
 Stab: Sleeping          |     3 |     4 ||     7
  Eat: Chunk             |     2 |     5 ||     7
Armor: Robe              |     8 |       ||     8
       Ring mail         |       |    31 ||    31
       Animal skin       |       |    18 ||    18
       Skin              |       |     1 ||     1
Dodge: Dodged            |    28 |    79 ||   107
